 Dungeon Crawl Stone Soup version 0.22-a0-396-g3f858e3 (webtiles) character file.

4015 varam the Fighter (level 10, -1/88 HPs)
             Began as a Gnoll Wanderer on May 3, 2018.
             Was an Initiate of Gozag.
             Slain by a troll (7 damage)
             ... on level 9 of the Dungeon.
             The game lasted 00:37:53 (10251 turns).

varam the Fighter (Gnoll Wanderer)                 Turns: 10251, Time: 00:37:53

Health: -1/88      AC:  9    Str: 21    XL:     10   Next: 23%
Magic:  17/17      EV: 16    Int: 17    God:    Gozag
Gold:   984        SH:  0    Dex: 22    Spells: 12/19 levels left

rFire    . . .     SeeInvis .   w - +3 quarterstaff (chaos)
rCold    x . .     Gourm    .   (shield currently unavailable)
rNeg     . . .     Faith    .   g - +2 robe of the Realm of Zot {rC- Str+4 Dex+4}
rPois    .         Spirit   .   (no helmet)
rElec    .         Reflect  .   D - +0 cloak
rCorr    .         Harm     .   j - +2 pair of gloves "Ennid" {+Inv}
MR       +....                  (no boots)
Stlth    ++++......             (no amulet)
HPRegen  0.24/turn              Q - +5 ring of dexterity
MPRegen  0.15/turn              m - ring of protection from magic

@: no status effects
A: distributed training, fangs 1, strong nose
a: Potion Petition, Call Merchant, Bribe Branch, Renounce Religion, Evoke
Invisibility


You were on level 9 of the Dungeon.
You worshipped Gozag.
Gozag was pleased with you.
You were not hungry.

You visited 1 branch of the dungeon, and saw 9 of its levels.

You collected 1256 gold pieces.
You spent 216 gold pieces at shops.
You paid 56 gold pieces to Gozag.

Inventory:

Hand Weapons
 w - a +3 quarterstaff of chaos (weapon)
 x - a +4 shortbow
 J - a +0 blowgun
 K - a +2 vampiric dagger
 L - a +0 shortbow
 N - a +0 hunting sling
 U - a +3 hunting sling of freezing
Missiles
 p - 5 sling bullets
 C - 55 bolts
 O - 41 arrows
Armour
 c - a +0 ring mail
 d - a +0 chain mail
 g - the +2 robe of the Realm of Zot (worn) {rC- Str+4 Dex+4}
   (You found it on level 6 of the Dungeon)

   It affects your strength (+4).
   It affects your dexterity (+4).
   It makes you vulnerable to cold.
 j - the +2 pair of gloves "Ennid" (worn) {+Inv}
   (You found it on level 4 of the Dungeon)

   It lets you turn invisible.
 D - a +0 cloak (worn)
 P - the +4 leather armour "Baywn" {-Tele Str+2 Dex+4}
   (You found it on level 7 of the Dungeon)

   It affects your strength (+2).
   It affects your dexterity (+4).
   It prevents most forms of teleportation.
 R - a +0 buckler
Jewellery
 m - a ring of protection from magic (right hand)
 o - an uncursed ring of poison resistance
 r - an uncursed ring of resist corrosion
 H - an uncursed ring of stealth
 Q - a +5 ring of dexterity (left hand)
 S - an uncursed ring of fire
Wands
 k - a wand of enslavement (12)
 E - a wand of acid (7) {@v2}
Scrolls
 a - 4 scrolls of noise
 h - 2 scrolls of blinking {unknown}
 i - a scroll of magic mapping
 l - 3 scrolls of amnesia
 t - 4 scrolls of teleportation
 u - 2 scrolls of immolation {unknown}
 v - a scroll of enchant weapon
 y - 3 scrolls of remove curse
 F - a scroll of brand weapon {unknown}
 G - a scroll of silence {unknown}
 I - a scroll of fog {unknown}
 M - a scroll of random uselessness {unknown}
 T - a scroll of identify
Potions
 b - a potion of berserk rage
 f - 2 potions of cancellation
 n - 2 potions of heal wounds
 q - 3 potions of curing
 s - a potion of degeneration
 z - a potion of mutation
 A - a potion of flight {unknown}
Comestibles
 e - 11 rations


   Skills:
 + Level 11.4 Fighting
 + Level 5.0 Short Blades
 + Level 5.0 Long Blades
 + Level 5.0 Axes
 + Level 5.0 Maces & Flails
 + Level 5.0 Polearms
 + Level 5.0 Staves
 + Level 5.0 Slings
 + Level 5.0 Bows
 + Level 5.0 Crossbows
 + Level 5.0 Throwing
 + Level 6.8 Armour
 + Level 5.0 Dodging
 + Level 6.6 Stealth
 + Level 5.0 Shields
 + Level 5.7 Unarmed Combat
 + Level 5.0 Spellcasting
 + Level 4.1 Conjurations
 + Level 4.1 Hexes
 + Level 4.1 Charms
 + Level 4.1 Summonings
 + Level 4.1 Necromancy
 + Level 4.1 Translocations
 + Level 4.1 Transmutations
 + Level 4.1 Fire Magic
 + Level 4.1 Ice Magic
 + Level 4.1 Air Magic
 + Level 4.1 Earth Magic
 + Level 4.1 Poison Magic
 + Level 5.5 Invocations
 + Level 5.0 Evocations


You had 12 spell levels left.
You knew the following spells:

 Your Spells              Type           Power        Failure   Level  Hunger
a - Animate Skeleton      Necr           N/A          2%          1    None
b - Mephitic Cloud        Conj/Pois/Air  ###.....     8%          3    ###....
c - Conjure Flame         Conj/Fire      ###.....     8%          3    ###....


Dungeon Overview and Level Annotations

Branches:
Dungeon (9/15)             Temple (0/1) D:5            Lair (0/6) D:8
    Orc: D:9-12

Altars:
Fedhas
Gozag
Hepliaklqana
Okawaru
Ru
Trog
Vehumet
Wu Jian
Xom
Zin

Shops:
D:9 (


Innate Abilities, Weirdness & Mutations

Your experience applies equally to all skills.
You have very sharp teeth.
Your uncanny sense of smell can sniff out nearby items.


Message History

The troll closely misses you. The troll completely misses you.
The troll barely misses you.
You hit the troll.
The troll is moderately wounded.
The troll bites you! The troll claws you but does no damage.
The troll barely misses you.
You hit the troll.
The troll is poisoned.
The troll is moderately wounded.
The troll barely misses you. The troll claws you! The troll misses you.
You hit the troll but do no damage.
The troll goes berserk!
You bite the troll.
The troll is moderately wounded.
The troll closely misses you. The troll claws you. The troll claws you!
The troll bites you!
* * * LOW HITPOINT WARNING * * *
The troll closely misses you. The troll claws you!
* * * LOW HITPOINT WARNING * * *
As you read the scroll of fear, it crumbles to dust.
You assume a fearsome visage.
The troll bites you!
You die...
Your body crumbles into a pile of gold.

#....#....# .
###'##$...# #.......#
#.#.....# ####
#.......# ...#
##......# .#.#
#.#....# ...#
#.#....# ...#
#..@T..# ...####
#####......#
......####........#.#
..###.............#.#
....................#
...............#.<..#
..##..............#.#
....................#
#####################


You could see a troll (berserk).

Vanquished Creatures
  2 two-headed ogres (D:8)
  A spriggan (D:7)
  The ghost of Feta the Ruffian, an amateur NaTm (D:5)
  Edmund (D:6)
  3 orc warriors
  2 phantoms
  2 centaurs (D:7)
  3 ogres
  2 black bears (D:9)
  2 bullfrogs
  2 scorpions (D:4)
  2 jellies
  A crimson imp (D:5)
  A quasit (D:9)
  3 orc priests
  A centaur zombie (D:9)
  2 hounds
  Crazy Yiuf (D:5)
  A centaur skeleton (D:6)
  A gnoll shaman (D:7)
  4 orc wizards
  4 iguanas
  9 worker ants
  A hound skeleton (D:7)
  10 adders
  2 shadow imps
  2 oozes
  2 adder skeletons
  An adder zombie (D:6)
  A worm (D:3)
  3 leopard geckos
  30 orcs
  A ball python (D:3)
  2 giant cockroaches
  11 goblins
  5 hobgoblins
  13 jackals
  4 kobolds
  3 quokkas
  9 bats
  2 frilled lizards
  A leopard gecko zombie (D:8)
  A quokka skeleton (D:6)
  A quokka zombie (D:7)
  3 rats
  A butterfly (D:8)
160 creatures vanquished.

Vanquished Creatures (others)
  An orc (D:6)
  A fungus (D:4)
2 creatures vanquished.

Grand Total: 162 creatures vanquished

Notes
Turn   | Place    | Note
-------+----------+-------------------------------------------
     0 | D:1      | Reached skill level 10 in Fighting
     0 | D:1      | varam the Gnoll Wanderer began the quest for the Orb.
     0 | D:1      | varam set off with: a potion of berserk rage, a potion of lignification, a ration, a +0 club, a +0 dagger, a +0 robe, a potion of curing, a potion of heal wounds
     0 | D:1      | Reached XP level 1. HP: 28/28 MP: 1/1
    79 | D:1      | Reached XP level 2. HP: 35/36 MP: 2/2
   925 | D:2      | Reached XP level 3. HP: 41/42 MP: 3/3
  1404 | D:2      | Reached skill level 1 in Invocations
  1552 | D:3      | Reached skill level 1 in Short Blades
  1552 | D:3      | Reached skill level 1 in Long Blades
  1552 | D:3      | Reached skill level 1 in Axes
  1552 | D:3      | Reached skill level 1 in Maces & Flails
  1552 | D:3      | Reached skill level 1 in Polearms
  1552 | D:3      | Reached skill level 1 in Staves
  1552 | D:3      | Reached skill level 1 in Slings
  1552 | D:3      | Reached skill level 1 in Bows
  1552 | D:3      | Reached skill level 1 in Crossbows
  1552 | D:3      | Reached skill level 1 in Throwing
  1552 | D:3      | Reached skill level 1 in Dodging
  1552 | D:3      | Reached skill level 1 in Shields
  1552 | D:3      | Reached skill level 1 in Spellcasting
  1552 | D:3      | Reached skill level 1 in Evocations
  1552 | D:3      | Reached XP level 4. HP: 48/48 MP: 5/5
  1663 | D:3      | Found a radiant altar of Vehumet.
  1957 | D:3      | Reached skill level 1 in Conjurations
  1957 | D:3      | Reached skill level 1 in Hexes
  1957 | D:3      | Reached skill level 1 in Charms
  1957 | D:3      | Reached skill level 1 in Summonings
  1957 | D:3      | Reached skill level 1 in Necromancy
  1957 | D:3      | Reached skill level 1 in Translocations
  1957 | D:3      | Reached skill level 1 in Transmutations
  1957 | D:3      | Reached skill level 1 in Fire Magic
  1957 | D:3      | Reached skill level 1 in Ice Magic
  1957 | D:3      | Reached skill level 1 in Air Magic
  1957 | D:3      | Reached skill level 1 in Earth Magic
  1957 | D:3      | Reached skill level 1 in Poison Magic
  2001 | D:3      | Found an opulent altar of Gozag.
  2013 | D:3      | Became a worshipper of Gozag Ym Sagoz the Greedy
  2199 | D:3      | Found a sacrificial altar of Ru.
  2313 | D:4      | Got a pair of shimmering gloves
  2324 | D:4      | Identified the +2 pair of gloves "Ennid" {+Inv} (You found it on level 4 of the Dungeon)
  2343 | D:4      | Reached XP level 5. HP: 30/54 MP: 6/6
  2936 | D:4      | Found a blossoming altar of Fedhas.
  3006 | D:4      | Noticed an ogre
  3609 | D:5      | Entered Level 5 of the Dungeon
  3648 | D:5      | Reached XP level 6. HP: 57/61 MP: 8/8
  3806 | D:5      | Found an iron altar of Okawaru.
  3954 | D:5      | Found a runed door.
  4033 | D:5      | Found a staircase to the Ecumenical Temple.
  4113 | D:5      | Reached skill level 5 in Armour
  4412 | D:5      | Noticed Feta's ghost (amateur NaTm)
  4470 | D:5      | Killed Feta's ghost
  4470 | D:5      | Reached XP level 7. HP: 46/67 MP: 10/10
  4899 | D:5      | HP: 2/100 [orc warrior/short sword (12)]
  4907 | D:5      | HP: 1/67 [orc warrior/short sword (2)]
  5249 | D:6      | Reached skill level 5 in Stealth
  5470 | D:6      | Reached XP level 8. HP: 46/74 MP: 12/12
  6462 | D:5      | Noticed Crazy Yiuf
  6474 | D:5      | Killed Crazy Yiuf
  6566 | D:6      | Noticed Edmund
  6584 | D:6      | Killed Edmund
  6627 | D:6      | Got an opalescent robe
  7036 | D:6      | Found an ornate altar of the Wu Jian Council.
  7036 | D:6      | Found a hazy altar of Hepliaklqana.
  7290 | D:6      | Found a glowing silver altar of Zin.
  7551 | D:7      | Reached XP level 9. HP: 78/79 MP: 14/14
  7733 | D:7      | Reached skill level 11 in Fighting
  7788 | D:7      | Got a spiked leather armour
  7799 | D:7      | Identified the +4 leather armour "Baywn" {-Tele Str+2 Dex+4} (You found it on level 7 of the Dungeon)
  8838 | D:8      | Noticed a two-headed ogre
  8847 | D:8      | Killed a two-headed ogre
  8847 | D:8      | Reached skill level 5 in Unarmed Combat
  8978 | D:8      | Found a staircase to the Lair.
  8978 | D:8      | Noticed a death yak
  8978 | D:8      | Noticed a death yak
  9026 | D:8      | Noticed a two-headed ogre
  9111 | D:8      | Found a shimmering altar of Xom.
  9406 | D:9      | Reached skill level 5 in Invocations
  9554 | D:9      | Found a bloodstained altar of Trog.
  9584 | D:9      | Noticed a two-headed ogre
  9607 | D:9      | Noticed a troll
  9840 | D:9      | Identified the +2 robe of the Realm of Zot {rC- Str+4 Dex+4} (You found it on level 6 of the Dungeon)
  9878 | D:9      | Learned a level 1 spell: Animate Skeleton
  9882 | D:9      | Learned a level 3 spell: Mephitic Cloud
  9886 | D:9      | Learned a level 3 spell: Conjure Flame
  9895 | D:9      | Found Haxt's Weapon Emporium.
  9899 | D:9      | Reached XP level 10. HP: 85/88 MP: 17/17
  9918 | D:9      | Bought a +3 hunting sling of freezing for 216 gold pieces
  9943 | D:8      | Noticed a two-headed ogre
  9952 | D:8      | Killed a two-headed ogre
  9958 | D:8      | Reached skill level 5 in Short Blades
  9958 | D:8      | Reached skill level 5 in Long Blades
  9958 | D:8      | Reached skill level 5 in Axes
  9958 | D:8      | Reached skill level 5 in Maces & Flails
  9958 | D:8      | Reached skill level 5 in Polearms
  9958 | D:8      | Reached skill level 5 in Staves
  9958 | D:8      | Reached skill level 5 in Slings
  9958 | D:8      | Reached skill level 5 in Bows
  9958 | D:8      | Reached skill level 5 in Crossbows
  9958 | D:8      | Reached skill level 5 in Throwing
  9958 | D:8      | Reached skill level 5 in Dodging
  9958 | D:8      | Reached skill level 5 in Shields
  9958 | D:8      | Reached skill level 5 in Spellcasting
  9958 | D:8      | Reached skill level 5 in Evocations
 10251 | D:9      | Slain by a troll

Vault maps used:
D:1:      dpeg_arrival_leaves_temple_mockup
D:2:      kennysheep_the_goblin_king
D:3:      nicolae_ru_path_of_blood, vehumet_crystals, grunt_gozag_statues
D:4:      fedhas_altar_3
D:5:      okawaru_metal_pillars_1_2, temple_hall_moat, first_ration,
          uniq_crazy_yiuf_cottage
D:6:      zin_treasury, gammafunk_temple_overflow_statue, uniq_edmund
D:7:      serial_curves, eino_curves_02, eino_curves_01, the_bakery, minmay_bent
D:8:      xom_butterflies, dpeg_lair_monsters, special_room, bh_chokoban,
          nemelex_dance_club_becter
D:9:      trog_ov_bears_minmay, serial_shops, nicolae_shop_statue_plus

Skill      XL: |  1  2  3  4  5  6  7  8  9 10 |
---------------+-------------------------------+-----
Fighting       | 11 | 11.4
Invocations    | 1 2 3 4 5 |  5.5
Short Blades   | 1 2 3 4 5 |  5.0
Long Blades    | 1 2 3 4 5 |  5.0
Axes           | 1 2 3 4 5 |  5.0
Maces & Flails | 1 2 3 4 5 |  5.0
Polearms       | 1 2 3 4 5 |  5.0
Staves         | 1 2 3 4 5 |  5.0
Slings         | 1 2 3 4 5 |  5.0
Bows           | 1 2 3 4 5 |  5.0
Crossbows      | 1 2 3 4 5 |  5.0
Throwing       | 1 2 3 4 5 |  5.0
Dodging        | 1 2 3 4 5 |  5.0
Shields        | 1 2 3 4 5 |  5.0
Spellcasting   | 1 2 3 4 5 |  5.0
Evocations     | 1 2 3 4 5 |  5.0
Conjurations   | 1 2 3 4 |  4.1
Hexes          | 1 2 3 4 |  4.1
Charms         | 1 2 3 4 |  4.1
Summonings     | 1 2 3 4 |  4.1
Necromancy     | 1 2 3 4 |  4.1
Translocations | 1 2 3 4 |  4.1
Transmutations | 1 2 3 4 |  4.1
Fire Magic     | 1 2 3 4 |  4.1
Ice Magic      | 1 2 3 4 |  4.1
Air Magic      | 1 2 3 4 |  4.1
Earth Magic    | 1 2 3 4 |  4.1
Poison Magic   | 1 2 3 4 |  4.1
Unarmed Combat | 3 4 5 |  5.7
Armour         | 5 6 |  6.8
Stealth        | 5 6 |  6.6

Action                   |  1- 3 |  4- 6 |  7- 9 | 10-12 || total
-------------------------+-------+-------+-------+-------++-------
Melee: Mace              |    56 |       |       |       ||    56
       Bite              |     7 |    14 |    33 |     3 ||    57
       Punch             |     1 |     2 |     2 |       ||     5
       Hand axe          |    16 |       |       |       ||    16
       Whip              |    18 |    70 |       |       ||    88
       Trident           |       |   118 |   143 |       ||   261
       Quarterstaff      |       |       |   157 |    21 ||   178
       Dagger            |       |       |    15 |       ||    15
 Fire: Hunting sling     |     2 |    30 |    35 |    11 ||    78
       Shortbow          |       |       |    25 |       ||    25
Invok: Potion Petition   |       |     1 |       |       ||     1
Evoke: Wand              |       |       |     6 |       ||     6
  Use: Scroll            |       |       |    12 |     1 ||    13
       Potion            |       |       |     4 |       ||     4
 Stab: Sleeping          |     7 |     5 |    10 |     1 ||    23
       Paralysed         |       |       |     2 |       ||     2
       Confused          |       |       |     1 |       ||     1
  Eat: Chunk             |     2 |     2 |       |       ||     4
       Ration            |       |     2 |     7 |       ||     9
Armor: Robe              |    13 |       |     4 |     8 ||    25
       Ring mail         |    12 |    82 |    65 |       ||   159
       Leather armour    |     8 |       |    23 |       ||    31
       Skin              |       |       |    13 |       ||    13
Dodge: Dodged            |    73 |    99 |   156 |    30 ||   358

Table legend:
 A = Spawn XP
 B = Non-spawn XP
 C = Spawn XP percentage of total XP
 D = Spawn monster count
 E = Non-spawn monster count
 F = Spawn count percentage of total count
 G = Total turns spent on level
                    A         B        C        D         E        F      G
               +---------+---------+-------+---------+---------+-------+---------
         Total |       0 |    5737 |   0.0 |       0 |     160 |   0.0 | 10251
               +---------+---------+-------+---------+---------+-------+---------
           D:1 |       0 |      31 |   0.0 |       0 |      15 |   0.0 |   894
           D:2 |       0 |      36 |   0.0 |       0 |      18 |   0.0 |   629
           D:3 |       0 |      84 |   0.0 |       0 |      26 |   0.0 |  1547
           D:4 |       0 |     449 |   0.0 |       0 |      15 |   0.0 |  1017
           D:5 |       0 |     591 |   0.0 |       0 |      13 |   0.0 |  1610
           D:6 |       0 |     923 |   0.0 |       0 |      26 |   0.0 |  1638
           D:7 |       0 |     935 |   0.0 |       0 |      20 |   0.0 |  1592
           D:8 |       0 |    1975 |   0.0 |       0 |       6 |   0.0 |   386
           D:9 |       0 |     713 |   0.0 |       0 |      21 |   0.0 |   938
               +---------+---------+-------+---------+---------+-------+---------
